 Dungeon Crawl Stone Soup version 0.23.0 (webtiles) character file.

Game seed: 5455001821935813613

1803 Peloso the Carver (level 8, -2/70 HPs)
             Began as a Minotaur Fighter on Feb 9, 2019.
             Slain by Pikel
             ... wielding a +2 whip of electrocution
              (17 damage)
             ... on level 6 of the Dungeon.
             The game lasted 00:10:13 (4732 turns).

Peloso the Carver (Minotaur Fighter)                Turns: 4732, Time: 00:10:14

Health: -2/70      AC: 11    Str: 21    XL:     8   Next: 83%
Magic:  7/7        EV: 10    Int:  5    God:
Gold:   207        SH: 11    Dex: 12    Spells: 7/7 levels left

rFire    . . .     SeeInvis .   a - +1 long sword
rCold    . . .     Gourm    .   c - +0 shield
rNeg     . . .     Faith    .   b - +0 scale mail
rPois    .         Spirit   .   (helmet restricted)
rElec    .         Reflect  .   p - +0 cloak
rCorr    .         Harm     .   o - +0 pair of gloves
MR       .....                  j - +0 pair of boots
Stlth    ..........             (no amulet)
HPRegen  0.21/turn              (no ring)
MPRegen  0.10/turn              (no ring)

@: no status effects
A: retaliatory headbutt, horns 2
a: no special abilities


You were on level 6 of the Dungeon.
You were not hungry.

You visited 1 branch of the dungeon, and saw 6 of its levels.
You also visited: Sewer.

You collected 207 gold pieces.

Inventory:

Hand Weapons
 a - a +1 long sword (weapon)
 q - the +6 dagger of Equivalence {flame, rC+ Str+2 Int+3}
   (You found it on level 4 of the Dungeon)

   It has been specially enchanted to burn those struck by it, causing extra
   injury to most foes and up to half again as much damage against particularly
   susceptible opponents.
   It affects your strength (+2).
   It affects your intelligence (+3).
   It protects you from cold.
Armour
 b - a +0 scale mail (worn)
 c - a +0 shield (worn)
 j - a +0 pair of boots (worn)
 o - a +0 pair of gloves (worn)
 p - a +0 cloak (worn)
Wands
 d - a wand of flame (18)
 v - a wand of polymorph (11)
 w - a wand of paralysis (9)
 z - a wand of clouds (2)
Scrolls
 i - a scroll of immolation {unknown}
 m - 3 scrolls of identify
 n - a scroll of fog
 s - 2 scrolls of blinking {unknown}
 u - 3 scrolls of teleportation {unknown}
 y - 2 scrolls of remove curse
 A - 2 scrolls of magic mapping
Potions
 e - a potion of heal wounds
 g - 4 potions of curing
 h - a potion of flight
 k - a potion of cancellation
 l - a potion of agility
 r - 2 potions of haste
 t - a potion of brilliance
Comestibles
 f - 8 rations
 x - 2 chunks of flesh


   Skills:
 + Level 6.1 Fighting
 + Level 8.7 Long Blades
 + Level 6.7 Armour
 + Level 3.3 Dodging
 + Level 0.3 Stealth
 + Level 7.6 Shields


You had 7 spell levels left.
You didn't know any spells.
Your spell library was empty.

Dungeon Overview and Level Annotations

Branches:
Dungeon (6/15)
 Temple: D:4-7

Altars:

Annotations:
D:6 Pikel


Innate Abilities, Weirdness & Mutations

You reflexively headbutt those who attack you in melee.
You have a pair of horns on your head.


Message History

You hit Pikel but do no damage.
Pikel is severely wounded.
You block Pikel's attack.
You hit Pikel.
Pikel is severely wounded.
You block Pikel's attack.
Unknown command.
You hit Pikel but do no damage. You headbutt Pikel, but do no damage.
Pikel is severely wounded.
Pikel hits you but does no damage.
You are electrocuted!
* * * LOW HITPOINT WARNING * * *
You hit Pikel but do no damage.
Pikel is severely wounded.
Pikel barely misses you. You furiously retaliate!
You headbutt Pikel. You miss Pikel. You headbutt Pikel.
Pikel is severely wounded.
Pikel hits you with a +2 whip of electrocution.
* * * LOW HITPOINT WARNING * * *
You are electrocuted!
You die...

#..............# #.###.#.###.#
#.#.........>....# #............
#.#..#...........# #.#####.###.#
#.#..#...p.......# #.# #.#
#.#..#...........# #.# #.#
#.#..#######.....# #.# #.# #.#
#.#..# #(..pp# #.# #.# #.# #.#..#
#####K# #.# ###.###.#
.....###########@####.# #.......#
#.#...........[.....#.###.#.###.#
#.#..###########.##.#.#.....[..##
###.)# #.##.#.#####...... ..#.##
#........# #...### #.#.####
####.#.#.# #...# ..#.)..#
#.#.#[###...# #.####.#
#.#.#.[.....# #.####.#
#.#.#####.#.#


You could see Pikel and 2 slaves.

Vanquished Creatures
  Prince Ribbit (D:5)
  Sigmund (D:5)
  Eustachio (D:4)
  Edmund (D:4)
  Duvessa (D:6)
  Purgy (Sewer)
  2 slaves (D:6)
  A sky beast (D:2)
  A centaur (D:5)
  Dowan (D:6)
  2 crimson imps
  An orc priest (D:4)
  2 jellies
  3 hounds (D:4)
  4 orc wizards
  3 worker ants
  A hound zombie (D:5)
  A hound skeleton (D:5)
  A howler monkey zombie (D:5)
  4 gnolls (D:2)
  11 adders
  2 river rats (D:4)
  A shadow imp (D:6)
  An ooze (D:5)
  2 adder skeletons
  4 worms
  2 dart slugs (D:1)
  3 leopard geckos
  13 orcs
  4 ball pythons
  6 giant cockroaches
  10 goblins
  9 hobgoblins
  3 quokkas
  10 bats
  7 frilled lizards
  10 kobolds
  2 leopard gecko skeletons
  7 rats
140 creatures vanquished.

Notes
Turn   | Place    | Note
-------+----------+-------------------------------------------
     0 | D:1      | Peloso the Minotaur Fighter began the quest for the Orb.
     0 | D:1      | Reached XP level 1. HP: 19/19 MP: 0/0
    76 | D:1      | Reached XP level 2. HP: 18/27 MP: 1/1
   555 | D:2      | Reached XP level 3. HP: 33/33 MP: 2/2
   685 | D:2      | Reached skill level 3 in Long Blades
   857 | D:2      | Reached XP level 4. HP: 40/40 MP: 3/3
   863 | D:2      | Reached skill level 1 in Dodging
  1133 | D:2      | Found a faded altar of an unknown god.
  1578 | D:3      | Noticed a sky beast
  1584 | D:2      | Reached skill level 4 in Long Blades
  1620 | D:2      | Killed a sky beast
  1620 | D:2      | Reached XP level 5. HP: 21/47 MP: 4/4
  1626 | D:2      | Reached skill level 5 in Long Blades
  1961 | D:3      | Reached XP level 6. HP: 45/53 MP: 5/5
  2086 | D:3      | Reached skill level 5 in Shields
  2856 | D:4      | Noticed Eustachio
  2877 | D:4      | Killed Eustachio
  2877 | D:4      | Reached skill level 6 in Long Blades
  2877 | D:4      | Reached skill level 5 in Armour
  2877 | D:4      | Reached XP level 7. HP: 43/60 MP: 6/6
  3066 | D:4      | Found a glowing drain.
  3080 | Sewer    | Entered a sewer
  3158 | Sewer    | Noticed Purgy
  3171 | Sewer    | Killed Purgy
  3171 | Sewer    | Reached skill level 5 in Fighting
  3450 | D:4      | Noticed Edmund
  3460 | D:4      | Killed Edmund
  3479 | D:4      | Reached skill level 7 in Long Blades
  3488 | D:4      | Got a crystal dagger
  3489 | D:4      | Identified the +6 dagger of Equivalence {flame, rC+ Str+2
                  | Int+3} (You found it on level 4 of the Dungeon)
  3841 | D:5      | Entered Level 5 of the Dungeon
  3871 | D:5      | Noticed Sigmund
  3885 | D:5      | Killed Sigmund
  3885 | D:5      | Reached XP level 8. HP: 69/69 MP: 7/7
  3916 | D:5      | Noticed Prince Ribbit
  4214 | D:5      | Killed Prince Ribbit
  4214 | D:5      | Reached skill level 8 in Long Blades
  4489 | D:6      | Noticed Duvessa
  4498 | D:6      | Killed Duvessa
  4498 | D:6      | Noticed Dowan
  4505 | D:6      | Killed Dowan
  4705 | D:6      | Noticed Pikel
  4732 | D:6      | Slain by Pikel

Skill      XL: |  1  2  3  4  5  6  7  8 |
---------------+-------------------------+-----
Shields        | 4 5 6 7 |  7.6
Armour         | 4 5 6 |  6.7
Fighting       | 4 5 6 |  6.1
Long Blades    | 3 4 5 6 7 8 |  8.7
Dodging        | 1 2 3 |  3.3
Stealth        | |  0.3

Action                   |  1- 3 |  4- 6 |  7- 9 || total
-------------------------+-------+-------+-------++-------
Melee: Long sword        |    69 |   176 |   226 ||   471
       Headbutt          |     8 |    41 |    51 ||   100
  Use: Scroll            |       |     3 |    12 ||    15
       Potion            |       |     1 |     1 ||     2
  Eat: Chunk             |       |     6 |     7 ||    13
Armor: Scale mail        |    36 |    79 |    79 ||   194
Dodge: Dodged            |    19 |    59 |    60 ||   138
Block: Shield            |    31 |    81 |   116 ||   228
       Rpst.: Long sword |     6 |    22 |    15 ||    43
